[Event "2nd Sharjah Masters 2018"]
[Site "Sharjah"]
[Date "2018.04.18"]
[Round "8"]
[White "Mohammed Ahmed said Al Amri"]
[Black "Poormosavi, Seyed Kian"]
[Result "1/2-1/2"]
[ECO "B31"]
[WhiteElo "1822"]
[BlackElo "2218"]
[Annotator "NA"]
[PlyCount "214"]
[EventDate "2018.??.??"]
[EventType "swiss"]
[EventCountry "UAE"]
[SourceTitle "playchess.com"]
[Source "ChessBase"]
[SourceQuality "1"]
[TimeControl "5400+30"]

1. e4 c5 2. Nf3 Nc6 3. Bb5 g6 4. O-O Bg7 5. Re1 Nf6 6. c3 O-O 7. d4 cxd4 8. cxd4 d5 9. e5 Ne4 10. Nc3 Nxc3 11. bxc3 Qa5 12. Qa4 {[%emt 0:04:16] B31: Sicilian: 2...Nc6 3 Bb5 g6} Qxa4 13. Bxa4 Bd7 (13... Bf5 14. Ba3 Rfe8 15. c4 Rad8 16. cxd5 Rxd5 17. Bc5 Rc8 18. Bxc6 Rxc6 19. Bxe7 Bh6 {1-0 (66) Heidenfeld,M (2360)-Quinn,M (2377) Dun Laoghaire 2010}) 14. Ba3 Rfe8 15. Rab1 $146 ({Predecessor:} 15. Bxc6 Bxc6 16. e6 h6 17. Re3 fxe6 18. Rxe6 Kf7 19. Rae1 Bf6 20. h3 Bd7 21. R6e3 Rac8 22. Bb4 Rc6 23. a4 Re6 {½-½ (23) Tomasek,M (2255)-Kopriva,O (2220) Czechia 2004}) 15... b6 16. Bb3 e6 17. Nd2 Rec8 18. Bd1 Na5 19. Bb4 Bh6 20. Rb2 $17 Bxd2 21. Rxd2 Nc4 22. Rc2 a5 23. Be7 Ra7 24. Rc1 Rac7 25. Be2 Nb2 26. Ba6 Ra8 27. Bd6 Rca7 28. Ba3 Rxa6 29. Bxb2 Rc8 30. Ba3 Bb5 31. Bd6 Bc4 32. a3 Rc6 33. f4 Ra8 34. Kf2 Bd3 35. Ke3 Be4 36. g3 f5 37. Kd2 Rac8 38. Re3 Kf7 39. Ree1 h6 40. Rg1 g5 41. h3 Rc4 42. Rge1 Ra4 43. Ra1 Rac4 44. Rac1 Rg8 45. Rg1 Ke8 46. fxg5 hxg5 47. h4 Rh8 48. hxg5 Rh2+ 49. Ke3 Kf7 50. Rgf1 Kg6 51. Rf2 Rxf2 52. Kxf2 Kxg5 53. Be7+ Kg4 54. Bd8 Rc8 55. Bf6 Rc7 56. Bh4 b5 57. Bd8 Rc8 58. Be7 Rh8 59. Bh4 f4 60. Rg1 Rc8 61. Be7 Rxc3 62. gxf4+ Kxf4 63. Bg5+ Kf5 64. Bd2 Rf3+ 65. Ke2 Rf4 66. Bxf4 Kxf4 67. Kd2 Bf5 68. Kc3 Ke3 69. Re1+ Kf2 70. Rh1 Ke3 71. Rf1 Bg4 72. Rh1 Bf5 73. Re1+ Kf2 74. Kd2 Kf3 75. Rf1+ Ke4 76. Kc3 Bg4 77. Rb1 Be2 78. Re1 Ke3 79. Rb1 Ke4 80. Re1 Ke3 81. Rb1 Ke4 82. Re1 Ke3 83. Rb1 Bc4 84. Re1+ Kf2 85. Kd2 b4 86. axb4 axb4 87. Rb1 b3 88. Kc3 Ke3 89. Rh1 Ke4 90. Rh6 b2 91. Rh4+ Ke3 92. Kxb2 Kd3 93. Rh6 Kxd4 94. Rxe6 Bb5 95. Rb6 Kc5 96. Rb8 Bd7 97. Rd8 Bf5 98. Kc3 Be6 99. Kd3 Bg4 100. Ke3 Bh3 101. Rh8 Be6 102. Kf4 d4 103. Kg5 d3 104. Kf6 d2 105. Rh1 Bg4 106. Rg1 d1=Q 107. Rxd1 Bxd1 1/2-1/2

[Event "2nd Sharjah Masters 2018"]
[Site "Sharjah"]
[Date "2018.04.19"]
[Round "9"]
[White "Pranav Vijay"]
[Black "Maroroa, Sue"]
[Result "1-0"]
[ECO "A45"]
[WhiteElo "2265"]
[BlackElo "2102"]
[Annotator "NA RC"]
[PlyCount "129"]
[EventDate "2018.??.??"]
[EventType "swiss"]
[EventCountry "UAE"]
[SourceTitle "playchess.com"]
[Source "ChessBase"]
[SourceQuality "1"]
[TimeControl "5400+30"]

1. d4 Nf6 2. Nc3 d5 3. Bf4 e6 4. Nb5 {[%emt 0:00:26] D00: 1 d4 d5: Unusual lines} Na6 5. e3 Be7 6. Nf3 Nh5 $146 ({Predecessor:} 6... O-O 7. a3 c5 8. c3 Bd7 9. a4 Nh5 10. Bd6 Bxd6 11. Nxd6 Qb6 {½-½ (38) Jobava,B (2687)-Iturrizaga Bonelli,E (2662) Linares 2017}) 7. Be5 Nf6 8. Nc3 Nb8 9. Nb5 Na6 10. c4 Bb4+ 11. Nc3 O-O 12. a3 Bxc3+ 13. bxc3 Nb8 14. Bd3 dxc4 15. Bxc4 Nc6 16. O-O b6 17. Bd3 Bb7 18. Bxf6 Qxf6 19. Be4 Na5 20. Bxb7 Nxb7 21. Ne5 Rfd8 22. f4 Nd6 23. Qf3 Qh6 24. Qc6 (24. a4 $16) 24... f6 25. Nf3 Rac8 26. Rae1 Qg6 27. Nd2 Qe8 28. Qf3 c5 29. Qh3 Qd7 30. a4 e5 31. Qxd7 Rxd7 32. fxe5 fxe5 33. dxe5 Nf7 $14 34. e6 Rxd2 35. Rxf7 Rd6 36. Re7 Kf8 37. Rxa7 Rxe6 38. Rf1+ Kg8 39. Rff7 Rg6 40. g3 h5 41. Kf2 Rd8 42. Ke2 h4 43. gxh4 Rg2+ 44. Rf2 Rd2+ 45. Kxd2 Rxf2+ 46. Kd3 Rxh2 47. Kc4 Rxh4+ 48. Kb5 g5 49. Rb7 Rh7 50. Rb8+ Kg7 51. Rxb6 g4 52. Kxc5 Rh5+ 53. Kd4 g3 54. Rb1 Kf6 55. Rg1 Rg5 56. e4 Ke6 57. a5 Kd6 58. a6 Kc7 59. a7 Kb7 60. Ke3 Kxa7 61. Kf4 Rc5 62. Rxg3 Kb6 63. e5 Rd5 64. Ke4 Rd1 65. Rd3 1-0

[Event "2nd Sharjah Masters 2018"]
[Site "Sharjah"]
[Date "2018.04.19"]
[Round "9"]
[White "Raahul V S"]
[Black "Balasubramaniam H"]
[Result "1/2-1/2"]
[ECO "A30"]
[WhiteElo "2258"]
[BlackElo "2060"]
[Annotator "NA RC"]
[PlyCount "78"]
[EventDate "2018.??.??"]
[EventType "swiss"]
[EventCountry "UAE"]
[SourceTitle "playchess.com"]
[Source "ChessBase"]
[SourceQuality "1"]
[TimeControl "5400+30"]

1. c4 c5 2. Nf3 b6 3. d4 cxd4 4. Nxd4 Bb7 5. Nc3 Nf6 6. f3 e6 7. e4 d6 8. Be2 a6 9. O-O Be7 10. Be3 O-O 11. Qd2 Nbd7 12. Rac1 Qc7 13. Rfd1 Rac8 14. b4 Qb8 {[%emt 0:03:18] A31: Symmetrical English: 2 Nf3 Nf6 3 d4} 15. Nb3 (15. a3 Rfe8 16. Nb3 Bc6 17. Kh1 h6 18. Bf1 Ne5 19. Qf2 Bd7 20. Nb1 Ba4 21. N1d2 b5 22. c5 dxc5 23. Bxc5 Bxc5 24. Rxc5 {0-1 (62) Negi,P (2664)-Hou,Y (2683) Saint Louis 2015}) 15... Bd8 16. Bf4 Ne5 17. Qe3 $146 ({Predecessor:} 17. Bxe5 dxe5 18. a3 Bc6 19. Qd6 Qxd6 20. Rxd6 Be7 21. Rdd1 Ra8 22. Ra1 {1-0 (43) Csirik,A (2225)-Luch,M (2383) Zalakaros 2008}) 17... Nh5 18. Bxe5 dxe5 19. g3 h6 20. Rxd8 Rfxd8 21. Qxb6 Rd6 22. Qf2 Nf6 23. c5 $16 Rdd8 24. Na4 Nd7 25. Nb2 Bc6 26. Bxa6 Qxb4 27. Nd3 Qa3 28. Bxc8 Rxc8 29. Qd2 Qa7 30. Qa5 Qb7 31. Qc3 Qa7 32. Nxe5 Nxe5 33. Qxe5 Qxa2 34. Qc3 Rb8 35. Nd4 Rb2 36. Rc2 Qa1+ 37. Rc1 Qa2 38. Nc2 Rb3 39. Qd4 Rb1 1/2-1/2

[Event "2nd Sharjah Masters 2018"]
[Site "Sharjah"]
[Date "2018.04.19"]
[Round "9"]
[White "Aradhya, Garg"]
[Black "Mohammed Ahmed said Al Amri"]
[Result "1/2-1/2"]
[ECO "A70"]
[WhiteElo "2218"]
[BlackElo "1822"]
[Annotator "NA"]
[PlyCount "95"]
[EventDate "2018.??.??"]
[EventType "swiss"]
[EventCountry "UAE"]
[SourceTitle "playchess.com"]
[Source "ChessBase"]
[SourceQuality "1"]
[TimeControl "5400+30"]

1. d4 Nf6 2. c4 e6 3. Nc3 c5 4. d5 exd5 5. cxd5 d6 6. e4 g6 7. Nf3 Bg7 8. h3 O-O 9. Bd3 b5 10. Nxb5 Nxe4 11. Bxe4 Re8 12. Ng5 f5 13. O-O {[%emt 0:10:19] A70: Modern Benoni: 6 e4 g6 7 Nf3} fxe4 14. Ne6 Bxe6 15. dxe6 d5 (15... Na6 16. Nxd6 Rxe6 17. Bf4 Qd7 18. Qb3 Kh8 19. Rad1 Bd4 20. Nb5 Rf8 {1-0 (30) Ivanov,J (2465)-Topak,E (2308) Ankara 2011}) 16. e7 Rxe7 17. Bg5 Nc6 {[%emt 0:00:08] [#]} 18. Rc1 $1 $146 ({Predecessor:} 18. Bxe7 Nxe7 19. Qc2 Qb6 20. Nc3 Rf8 {1-0 (38) Nurgali,N (2006)-Timirev,S (1772) St Petersburg 2017}) 18... c4 19. b3 a6 20. Nc3 d4 21. Nxe4 c3 22. Re1 Qc7 23. Bxe7 Nxe7 24. Nxc3 dxc3 $18 {[%emt 0:10:01] [#]} 25. Rxe7 $1 Qc6 26. Rxg7+ Kxg7 27. Qd4+ Kg8 28. Rxc3 Qe6 29. Qc4 Qxc4 30. Rxc4 Kg7 31. Rc7+ Kg8 32. b4 Rd8 33. Ra7 Rd1+ 34. Kh2 Rd6 35. a4 h5 36. a5 Kf8 37. Rb7 Ke8 38. Rb6 Rxb6 39. axb6 Kd7 40. g4 Kc6 41. gxh5 gxh5 42. f4 Kxb6 43. f5 Kc6 44. Kg3 Kd5 45. Kf4 Kd6 46. h4 Kd5 47. Kg5 Ke5 48. f6 1/2-1/2

[Event "2nd Sharjah Masters 2018"]
[Site "Sharjah"]
[Date "2018.04.19"]
[Round "9"]
[White "Mullick, Raahil"]
[Black "Mohannad, Farhan"]
[Result "1-0"]
[ECO "C00"]
[WhiteElo "2053"]
[BlackElo "2219"]
[Annotator "NA"]
[PlyCount "109"]
[EventDate "2018.??.??"]
[EventType "swiss"]
[EventCountry "UAE"]
[SourceTitle "playchess.com"]
[Source "ChessBase"]
[SourceQuality "1"]
[TimeControl "5400+30"]

1. e4 e6 2. d3 d5 3. Nd2 Nf6 4. Ngf3 b6 5. c3 Be7 6. Be2 O-O 7. O-O c5 8. Re1 Nc6 9. b3 e5 10. Bb2 d4 11. cxd4 cxd4 12. Rc1 Bb7 13. g3 Nd7 14. Bf1 a5 15. a3 Nc5 16. Qc2 Kh8 $17 17. Qb1 f6 18. Be2 f5 19. b4 axb4 20. axb4 Nxb4 21. Nxe5 Na2 22. Rcd1 b5 23. exf5 Rxf5 24. Bg4 Rf8 25. Bf3 Bxf3 26. Ndxf3 Qd5 27. Nxd4 Na4 28. Nxb5 Rab8 29. Nc4 Rxb5 30. Bxg7+ Kxg7 31. Rxe7+ Kf6 32. Qxa2 Kxe7 33. Qxa4 Ra8 34. Re1+ Kf8 35. Qc2 Re8 36. Ra1 Reb8 37. Qc1 Kg8 38. Qd1 Qd4 39. Kg2 Rf8 40. Ra2 Qd5+ 41. Kg1 Rfb8 42. Qg4+ Kh8 43. Qe4 Qd7 44. Ne5 Qg7 45. Nc6 Rg8 46. Ra7 Rb7 47. Rxb7 Qxb7 48. d4 Ra8 49. d5 Qc7 50. Ne7 Ra1+ 51. Kg2 Rd1 52. Qe6 Kg7 53. Nf5+ Kf8 54. Qh6+ Ke8 55. Qh5+ 1-0

[Event "2nd Sharjah Masters 2018"]
[Site "Sharjah"]
[Date "2018.04.19"]
[Round "9"]
[White "Sun, Chao"]
[Black "Sultan, Ibrahim"]
[Result "0-1"]
[ECO "C07"]
[WhiteElo "2041"]
[BlackElo "2141"]
[Annotator "NA"]
[PlyCount "141"]
[EventDate "2018.??.??"]
[EventType "swiss"]
[EventCountry "UAE"]
[SourceTitle "playchess.com"]
[Source "ChessBase"]
[SourceQuality "1"]
[TimeControl "5400+30"]

1. e4 e6 2. d4 d5 3. Nd2 c5 4. exd5 Qxd5 5. Ngf3 cxd4 6. Bc4 Qd7 7. O-O Nf6 8. Nb3 Nc6 9. Nbxd4 Nxd4 10. Qxd4 Qxd4 11. Nxd4 Bd7 12. Re1 Bc5 {[%emt 0:07:00] C07: French Tarrasch: 3...c5, 4 Ngf3 and 4 exd5 Qxd5} 13. Be3 Rc8 (13... Ng4 14. Nxe6 Bxe3 15. Nd4 Rc8 16. Bb3 O-O 17. fxe3 Rfe8 18. e4 Kf8 19. Rad1 a5 20. a3 {1-0 (64) Plat,V (2569)-Meier,G (2647) chess.com INT 2018}) 14. Bb3 O-O 15. h3 Rfd8 16. Rad1 Bb6 $146 ({Predecessor:} 16... Kf8 17. c3 a5 18. a4 Nd5 19. Bg5 Ne7 {½-½ (69) Pesotsky,V (2338)-Airapetian,G (2351) Lipetsk 2008}) 17. c3 Be8 18. Nc2 Bxe3 19. Nxe3 Bc6 20. Rxd8+ Rxd8 21. Rd1 Rxd1+ 22. Bxd1 Kf8 23. f3 g5 24. Kf2 Nd7 25. g3 Ne5 26. Be2 Ke7 27. Nc4 Nxc4 28. Bxc4 Bd5 29. Bxd5 exd5 30. Ke3 Ke6 31. Kd4 h5 32. g4 h4 33. a4 b6 34. b3 $11 Kd6 35. c4 dxc4 36. Kxc4 Ke5 37. Kb5 Kf4 38. Ka6 Kg3 39. Kxa7 Kxh3 40. Kxb6 Kg3 41. a5 h3 42. a6 h2 43. a7 h1=Q 44. a8=Q Qxf3 45. Qxf3+ Kxf3 46. Kc6 Kxg4 47. b4 Kf5 48. b5 g4 49. b6 g3 50. b7 g2 51. b8=Q g1=Q 52. Qc8+ Kf6 53. Qh8+ Qg7 54. Qh4+ Qg5 55. Qd4+ Kg6 56. Qe4+ Kh6 57. Kd7 f5 58. Qh1+ Kg6 59. Qb1 Qe3 60. Qb2 f4 61. Qg2+ Kf6 62. Qc6+ Kg5 63. Qd5+ Kh4 64. Qc4 Kh3 65. Qg8 f3 66. Qh7+ Kg2 67. Qg6+ Kf1 68. Qc2 f2 69. Qd1+ Kg2 70. Qg4+ Kh2 71. Qd1 0-1